Unix NetHack Version 5.0.0-0 post-release - last build May  4 2026 22:22:43 (774f63e81ad911689b3a0859ea89b322d5daca8d,branch:main).

Game began 2026-05-08 10:21:17, ended 2026-05-08 10:33:45.

1112463359, lawful female human Valkyrie

                                          ---------
                     ----------------     |..?..b.|          ------------
                    #...............|    #.........#         |..........|
                    #|..............| ####---.-----#       ##..........>|
                    #...............| #     ##     #      ## |..........|
                    ?|..............| #     #      ########  ---.-.------
                    #--%-------------##  ####      ##           ####
   -----            #  ######        #  ##         ##         ##########
   |....#################`###        #  #         ###         #        #
   |.<.|            #       ###    ###  #           #     #####        ##
   |....##### ------#         #   ##    #     #     # ----.-----    ----|--
   -----    # |...@.#      ---.- ##############     ##+........|    .....{|
            ##.....|#   ###....|##   -.-------#       |".......|    |.....|
              |.....####`  |....#####+.......-###     |........|    |.....|
              |....|       |...|#    |.......|# ######-........|    -------
              ------       |...+#    |.......|#       ----------
                           -----     |.......|`#
                                     |.......|
                                     ---------

1112463359 the Skirmisher   St:18/03 Dx:14 Co:17 In:8 Wi:7 Ch:9  Lawful
Dlvl:2  $:32 HP:0(35) Pw:7(7) AC:6  Xp:3 T:1721  FoodPois

Latest messages:
 This door is locked.
 This door is locked.
 In what direction? 4
 Whammm!!
 In what direction? 4
 Thwack!!
 In what direction? 4
 Whammm!!
 In what direction? 4
 Thwack!!
 In what direction? 4
 Whammm!!
 In what direction? 4
 As you kick the door, it crashes open!
 In what direction? 4
 You kick at empty space.
 You miss the coyote.
 The coyote bites!
 You kill the coyote!
 You hit the coyote!
 The coyote bites!
 You kill the coyote!
 You see here a scroll labeled ZLORFIK.
 You try to move the boulder, but in vain.
 You try to move the boulder, but in vain.
 You try to move the boulder, but in vain.
 You see here a food ration.
 p - a food ration.
 You are beginning to feel hungry.
 What do you want to eat? [lnp or ?*] l
 Ulch - that meat was tainted!
 You feel deathly sick.
 (It must have died too long ago to be safe to eat.)
 What do you want to eat? [np or ?*] n
 Ulch - that meat was tainted!
 You feel even worse.
 (It must have died too long ago to be safe to eat.)
 What do you want to eat? [p or ?*] p
 This food really hits the spot!
 You finish eating the food ration.
 You don't have anything to eat.
 Your sickness feels worse.
 Your sickness is severe.
 You are at Death's door.
 You die from your illness.
 Do you want your possessions identified? [ynq] (y) y
 Do you want to see your attributes? [ynq] (y) n
 Do you want an account of creatures vanquished? [ynaq] (y) y
 Do you want to see your conduct and achievements? [ynq] (y) n
 Do you want to see the dungeon overview? [ynq] (y) n

Inventory:
 Coins    ('$')
  $ - 32 gold pieces
 Weapons  (')')
  k - 3 +0 darts
  i - 11 cursed +0 shuriken (at the ready)
  b - a +0 dagger (alternate weapon; not wielded)
  h - a +0 orcish dagger
  a - a blessed +1 spear (weapon in right hand)
  o - a cursed +0 stiletto
 Armor    ('[')
  c - an uncursed +3 small shield (being worn)
  f - an uncursed +0 studded leather armor
 Potions  ('!')
  m - a blessed potion of hallucination
 Tools    ('(')
  e - an uncursed tin whistle

1112463359 the Valkyrie's attributes:

Background:
 You were a Skirmisher, a level 3 human Valkyrie.
 You were lawful, on a mission for Tyr
 who was opposed by Odin (neutral) and Loki (chaotic).
 You were right-handed.
 You were in the Dungeons of Doom, on level 2.
 You entered the dungeon 1721 turns ago.
 You had 64 experience points, 16 more were needed to attain level 4.

Basics:
 You had 0 out of 35 hit points.
 You had all 7 energy points (spell power).
 Your armor class was 6.
 Your wallet contained 32 zorkmids.
 Autopickup was off.

Final Characteristics:
 Your strength was 18/03 (limit:18/100).
 Your dexterity was 14 (limit:18).
 Your constitution was 17 (limit:18).
 Your intelligence was 8 (limit:18).
 Your wisdom was 7 (limit:18).
 Your charisma was 9 (limit:18).

Final Status:
 You died from food poisoning.
 You weren't hungry.
 You were unencumbered.
 You were wielding a spear.
 You had basic skill with spear.

Final Attributes:
 You were devoutly aligned.
 You were cold resistant.
 You were stealthy.
 You are dead.

Miscellaneous:
 You didn't encounter any bones levels.
 Total elapsed playing time was 12 minutes and 27 seconds.

Major events:
 Turn
    1: 1112463359 the lawful human Valkyrie entered the dungeon
 1468: attained the rank of Skirmisher (level 3)
 1721: poisoned by a rotted jackal corpse

You didn't know any spells.

Skills:
 Fighting Skills
   bare handed combat [Unskilled]
   two weapon combat  [Unskilled]
   riding             [Unskilled]
 Weapon Skills
   dagger             [Basic]
   axe                [Unskilled]
   pick-axe           [Unskilled]
   short sword        [Unskilled]
   broadsword         [Unskilled]
   long sword         [Unskilled]
   two-handed sword   [Unskilled]
   saber              [Unskilled]
   hammer             [Unskilled]
   quarterstaff       [Unskilled]
   polearms           [Unskilled]
   spear              [Basic]
   trident            [Unskilled]
   lance              [Unskilled]
   sling              [Unskilled]
 Spellcasting Skills
   attack spells      [Unskilled]
   escape spells      [Unskilled]

Voluntary challenges:
 Character rerolling was not enabled.
 You were illiterate.
 You never genocided any monsters.
 You never polymorphed an object.
 You never changed form.
 You used no wishes.
Achievement:
 You attained the rank of Skirmisher.

 The Dungeons of Doom: levels 1 to 2
    Level 1:
       A fountain.
    Level 2: <- You were here.
       A sink.
       Final resting place for
          you, poisoned by a rotted jackal corpse.


Vanquished creatures:
  a shrieker
  2 coyotes
  3 giant rats
  a yellow mold
  8 jackals
  2 foxes
  2 kobolds
  a goblin
  3 sewer rats
  5 grid bugs
  4 lichens
  a kobold zombie
  6 newts
39 creatures vanquished.

No species were genocided or became extinct.

Game over:
                       ----------
                      /          \
                     /    REST    \
                    /      IN      \
                   /     PEACE      \
                  /                  \
                  |    1112463359    |
                  |      32 Au       |
                  |  poisoned by a   |
                  |  rotted jackal   |
                  |      corpse      |
                  |                  |
                  |       2026       |
                 *|     *  *  *      | *
        _________)/\\_//(\/(/\)/\//\/|_)_______

Farvel 1112463359 the Valkyrie...

You were poisoned in The Dungeons of Doom on dungeon level 2 with 335 points,
and 32 pieces of gold, after 1721 moves.
You were level 3 with a maximum of 35 hit points when you were poisoned.

